Scraper vs Tamiflu
(R1)
Created - 29 mars 2015 at 19:47
Goals
|
Scraper |
0 |
2 |
2 |
4 |
Tamiflu |
0 |
1 |
1 |
2 |
|
Shots
|
Scraper |
7 |
13 |
13 |
33 |
Tamiflu |
14 |
8 |
11 |
33 |
|
1st period
No Goal
Penalties :
Mattias Tedenby (Det) for Roughing (Minor) at 9:03, Marcus Foligno (Out) for Tripping (Minor) at 11:42, Jordan Hendry (Det) for Slashing (Minor) at 11:48, Denis Shvidki (Out) for High sticking (Minor) at 15:14
2nd period
1. Scraper , Valeri Bure 30 (Ben Eager) at 2:02 (SH)
2. Tamiflu , Nathan Oystrick 14 (Jonathan Sigalet, Mike McKenna) at 2:57 (PP)
3. Scraper , Evander Kane 31 (Jerome Samson, Eric Gryba) at 10:12
Penalties :
Jerome Samson (Out) for Cross-checking (Minor) at 1:29, Riley Nash (Out) for Hooking (Minor) at 15:32
3rd period
4. Scraper , Eric Godard 36 (Brayden Schenn) at 7:07
5. Tamiflu , Adam Henrique 25 (Jonathan Sigalet, Nathan Oystrick) at 10:39
6. Scraper , Daniel Winnik 30 (Denis Shvidki, Ilkka Heikkinen) at 16:12
Penalties :
Ryan O'Reilly (Out) for Roughing (Minor) at 11:10
Goalie Stats
Maxime Ouellet (Out), 31 saves from 33 shots - (0,939), W, 18-14-4, 60:00 minutes
Mike McKenna (Det), 29 saves from 33 shots - (0,879), L, 30-21-2, 60:00 minutes
Players Stats for Scraper
Player Name G A P +/- PIM S H SB GA TA FO MP PP MP PK MP
------------------------------------------------------------------------------------
Ben Eager 0 1 1 2 0 2 2 2 1 0 2/5 19:07 0:58 3:15
Brayden Schenn 0 1 1 1 0 0 1 0 0 0 7/18 16:21 0:58 0:48
Brendan Smith 0 0 0 1 0 2 0 1 1 1 0/0 26:11 1:29 5:11
Cameron Gaunce 0 0 0 0 0 0 1 0 0 0 0/0 10:47 0:00 0:00
Daniel Winnik 1 0 1 0 0 2 1 1 1 1 0/0 15:39 1:01 0:00
Denis Shvidki 0 1 1 0 2 6 3 0 1 1 2/3 20:59 1:07 3:02
Derek Joslin 0 0 0 1 0 2 2 2 0 1 0/0 26:11 1:29 5:11
Eric Godard 1 0 1 1 0 3 2 1 2 1 2/8 21:38 1:04 3:50
Eric Gryba 0 1 1 2 0 0 0 3 0 4 0/0 17:32 0:36 2:20
Eric Knodel 0 0 0 0 0 0 0 0 0 0 0/0 5:30 0:00 0:00
Evander Kane 1 0 1 1 0 6 1 0 1 0 0/1 11:18 0:00 0:26
Ilkka Heikkinen 0 1 1 2 0 2 0 1 1 1 0/0 17:32 0:36 2:20
Jared Cowen 0 0 0 0 0 0 0 0 0 1 0/0 10:47 0:00 0:00
Jerome Samson 0 1 1 0 2 2 0 0 0 0 1/1 10:25 0:00 1:52
Joe Finley 0 0 0 0 0 0 0 0 0 0 0/0 5:30 0:00 0:00
Marcus Foligno 0 0 0 0 2 2 1 0 0 0 0/0 8:03 0:06 0:00
Riley Nash 0 0 0 1 2 0 0 0 0 0 2/9 10:44 0:00 0:00
Roman Horak 0 0 0 0 0 0 0 0 0 0 6/8 8:10 0:00 0:23
Ryan O'Reilly 0 0 0 0 2 2 1 0 0 1 6/15 15:40 1:01 0:00
Valeri Bure 1 0 1 2 0 2 3 0 1 0 0/0 12:27 0:00 1:26
Players Stats for Tamiflu
Player Name G A P +/- PIM S H SB GA TA FO MP PP MP PK MP
------------------------------------------------------------------------------------
Adam Henrique 1 0 1 0 0 1 0 0 0 0 3/4 15:03 3:10 0:00
Alex Picard 0 0 0 -3 0 7 1 1 3 0 5/6 21:44 4:11 1:01
Ben Hanowski 0 0 0 0 0 0 0 0 0 0 0/0 0:07 0:07 0:00
Carson Mcmillan 0 0 0 -3 0 0 5 1 0 1 1/3 20:46 4:11 0:34
Casey Wellman 0 0 0 0 0 1 1 2 0 0 4/8 14:20 0:00 0:33
Cody Goloubef 0 0 0 -1 0 0 0 2 0 0 0/0 10:46 0:00 0:00
Colin Greening 0 0 0 0 0 2 1 0 0 0 2/4 7:31 0:00 0:10
Garrett Wilson 0 0 0 0 0 1 0 0 0 0 0/2 7:54 0:00 0:22
Greg Mauldin 0 0 0 -3 0 3 0 1 2 0 21/35 21:39 4:11 0:56
Jan Mursak 0 0 0 0 0 0 1 0 0 0 2/3 15:03 3:10 0:00
Johan Fransson 0 0 0 -3 0 1 1 2 0 1 0/0 20:58 2:46 1:00
Jonathan Sigalet 0 2 2 1 0 2 1 0 2 4 0/0 28:16 4:45 1:05
Jordan Hendry 0 0 0 -3 2 0 0 0 1 0 0/0 20:15 2:45 0:54
Justin Braun 0 0 0 -1 0 1 1 1 0 0 0/0 11:39 0:00 0:06
Mattias Tedenby 0 0 0 0 2 4 0 0 1 0 1/2 7:50 0:10 0:00
Mike Duco 0 0 0 0 0 3 1 1 1 0 0/0 13:49 0:13 0:00
Nathan Oystrick 1 1 2 1 0 7 2 2 1 1 0/0 28:16 4:45 1:05
Petr Pohl 0 0 0 0 0 0 6 0 0 0 1/1 16:28 3:10 0:34
Philippe Dupuis 0 0 0 0 0 0 0 0 0 0 0/0 0:00 0:00 0:00
Rich Clune 0 0 0 0 0 0 1 3 1 2 0/0 13:36 0:00 0:00
3 Stars
1 - Nathan Oystrick (Det)
2 - Valeri Bure (Out)
3 - Eric Godard (Out)
Power Play
Scraper - 0 on 2 Attempt(s) - 0,00%
Tamiflu - 1 on 5 Attempt(s) - 20,00%
Penalty Kill
Scraper - 4 on 5 Attempt(s) - 80,00%
- Score 1 goal in Penalty Kill
Tamiflu - 2 on 2 Attempt(s) - 100,00%
- Score 0 goal in Penalty Kill
Team Stat
Scraper - Hits : 18 - Faceoff Wins : 28 - Blocked Shots : 11 - Penalty Minutes : 10
Tamiflu - Hits : 22 - Faceoff Wins : 40 - Blocked Shots : 16 - Penalty Minutes : 4
Official
Referees : StPierre Justin and Rooney Chris
Linesman : Andy McElman and Derek Nansen
Game Notes
Mike Duco is injured at 19:52 of 3rd period (Right Ankle)
Finance
Level 1 -- Attendance: 1551 (77,55%) -- Ticket Income 46 530 $
Level 2 -- Attendance: 758 (75,80%) -- Ticket Income 9 096 $
Total Attendance: 2309 (76,97%)
Total Ticket Income: 55 626 $
Other Income: 2 781 $
Total Income: 58 407 $
Scraper
5 vs 5 Forward
Center Left Wing Right Wing Time % Phy DF OF
1 Brayden Schenn Ben Eager Eric Godard 40 1 2 2
2 Ryan O'Reilly Daniel Winnik Denis Shvidki 30 1 2 2
3 Riley Nash Evander Kane Valeri Bure 20 1 2 2
4 Roman Horak Marcus Foligno Jerome Samson 10 1 2 2
5 vs 5 Defense
Defense Defense Time % Phy DF OF
1 Brendan Smith Derek Joslin 40 1 2 2
2 Ilkka Heikkinen Eric Gryba 30 1 2 2
3 Jared Cowen Cameron Gaunce 20 1 2 2
4 Joe Finley Eric Knodel 10 1 2 2
PowerPlay Forward
Center Left Wing Right Wing Time % Phy DF OF
1 Brayden Schenn Ben Eager Eric Godard 60 1 2 2
2 Ryan O'Reilly Daniel Winnik Denis Shvidki 40 1 2 2
PowerPlay Defense
Defense Defense Time % Phy DF OF
1 Brendan Smith Derek Joslin 60 1 2 2
2 Ilkka Heikkinen Eric Gryba 40 1 2 2
Penalty Kill 4 Players Forward
Center Wing Time % Phy DF OF
1 Eric Godard Denis Shvidki 60 1 2 2
2 Ben Eager Valeri Bure 40 1 2 2
Penalty Kill 4 Players Defense
Defense Defense Time % Phy DF OF
1 Brendan Smith Derek Joslin 60 1 2 2
2 Ilkka Heikkinen Eric Gryba 40 1 2 2
Penalty Kill - 3 Players Forward
Forward Time % Phy DF OF
1 Eric Godard 60 1 2 2
2 Denis Shvidki 40 1 2 2
Penalty Kill - 3 Players Defense
Defense Defense Time % Phy DF OF
1 Brendan Smith Derek Joslin 60 1 2 2
2 Ilkka Heikkinen Eric Gryba 40 1 2 2
4 vs 4 Forward
Center Wing Time % Phy DF OF
1 Eric Godard Denis Shvidki 60 1 2 2
2 Ben Eager Valeri Bure 40 1 2 2
4 vs 4 Defense
Defense Defense Time % Phy DF OF
1 Brendan Smith Derek Joslin 60 1 2 2
2 Ilkka Heikkinen Eric Gryba 40 1 2 2
Last Minutes Offensive
Center Left Wing Right Wing Defense Defense
Brayden Schenn Ben Eager Eric Godard Brendan Smith Derek Joslin
Last Minutes Defensive
Center Left Wing Right Wing Defense Defense
Brayden Schenn Ben Eager Eric Godard Brendan Smith Derek Joslin
Goaltenders
Starting : Maxime Ouellet
Backup : Peter Mannino
Extra Forwards
Normal : Evander Kane, Marcus Foligno, Jerome Samson - PP : Evander Kane, Marcus Foligno - PK : Jerome Samson
Extra Defensemen
Normal : Jared Cowen, Cameron Gaunce, Joe Finley - PP : Jared Cowen - PK : Cameron Gaunce, Joe Finley
Penalty Shots
Eric Godard, Denis Shvidki, Ben Eager, Valeri Bure, Daniel Winnik
Tamiflu
5 vs 5 Forward
Center Left Wing Right Wing Time % Phy DF OF
1 Greg Mauldin Alex Picard Carson Mcmillan 40 1 2 2
2 Adam Henrique Jan Mursak Petr Pohl 30 1 2 2
3 Casey Wellman Rich Clune Mike Duco 20 1 2 2
4 Colin Greening Garrett Wilson Mattias Tedenby 10 1 2 2
5 vs 5 Defense
Defense Defense Time % Phy DF OF
1 Jonathan Sigalet Nathan Oystrick 40 1 2 2
2 Jordan Hendry Johan Fransson 30 1 2 2
3 Justin Braun Cody Goloubef 20 1 2 2
4 Jonathan Sigalet Nathan Oystrick 10 1 2 2
PowerPlay Forward
Center Left Wing Right Wing Time % Phy DF OF
1 Greg Mauldin Alex Picard Carson Mcmillan 60 1 2 2
2 Adam Henrique Jan Mursak Petr Pohl 40 1 2 2
PowerPlay Defense
Defense Defense Time % Phy DF OF
1 Jonathan Sigalet Nathan Oystrick 60 1 2 2
2 Jordan Hendry Johan Fransson 40 1 2 2
Penalty Kill 4 Players Forward
Center Wing Time % Phy DF OF
1 Alex Picard Greg Mauldin 60 1 2 2
2 Carson Mcmillan Petr Pohl 40 1 2 2
Penalty Kill 4 Players Defense
Defense Defense Time % Phy DF OF
1 Jonathan Sigalet Nathan Oystrick 60 1 2 2
2 Jordan Hendry Johan Fransson 40 1 2 2
Penalty Kill - 3 Players Forward
Forward Time % Phy DF OF
1 Alex Picard 60 1 2 2
2 Greg Mauldin 40 1 2 2
Penalty Kill - 3 Players Defense
Defense Defense Time % Phy DF OF
1 Jonathan Sigalet Nathan Oystrick 60 1 2 2
2 Jordan Hendry Johan Fransson 40 1 2 2
4 vs 4 Forward
Center Wing Time % Phy DF OF
1 Alex Picard Greg Mauldin 60 1 2 2
2 Carson Mcmillan Petr Pohl 40 1 2 2
4 vs 4 Defense
Defense Defense Time % Phy DF OF
1 Jonathan Sigalet Nathan Oystrick 60 1 2 2
2 Jordan Hendry Johan Fransson 40 1 2 2
Last Minutes Offensive
Center Left Wing Right Wing Defense Defense
Greg Mauldin Alex Picard Carson Mcmillan Jonathan Sigalet Nathan Oystrick
Last Minutes Defensive
Center Left Wing Right Wing Defense Defense
Greg Mauldin Alex Picard Carson Mcmillan Jonathan Sigalet Nathan Oystrick
Goaltenders
Starting : Mike McKenna
Backup : Thomas Greiss
Extra Forwards
Normal : Mike Duco, Mattias Tedenby, Casey Wellman - PP : Mike Duco, Mattias Tedenby - PK : Casey Wellman
Extra Defensemen
Normal : Justin Braun, Cody Goloubef, Jordan Hendry - PP : Justin Braun - PK : Cody Goloubef, Jordan Hendry
Penalty Shots
Alex Picard, Greg Mauldin, Carson Mcmillan, Petr Pohl, Adam Henrique
% Time on Ice - Scraper
Lines # - Real PCT - Wanted PCT - Time Play
Normal Forward
1 - 32% - 40% - 15:26
2 - 30% - 30% - 14:38
3 - 22% - 20% - 10:40
4 - 16% - 10% - 7:47
Normal Defense
1 - 38% - 40% - 18:29
2 - 28% - 30% - 13:45
3 - 22% - 20% - 10:47
4 - 11% - 10% - 5:30
PP Forward
1 - 51% - 60% - 1:04
2 - 49% - 40% - 1:01
PP Defense
1 - 71% - 60% - 1:29
2 - 29% - 40% - 0:36
PK Forward
1 - 81% - 60% - 6:05
2 - 19% - 40% - 1:26
PK Defense
1 - 69% - 60% - 5:11
2 - 31% - 40% - 2:20
PK3 Forward
1 - 0% - 60%
2 - 0% - 40%
PK3 Defense
1 - 0% - 60%
2 - 0% - 40%
44 Forward
1 - 81% - 60% - 1:32
2 - 19% - 40% - 0:21
44 Defense
1 - 55% - 60% - 1:02
2 - 45% - 40% - 0:51
Last Minute Offensive - 0:00
Last Minute Defensive - 0:00
Total
Forward - 60:00
Defense - 60:00
|
% Time on Ice - Tamiflu
Lines # - Real PCT - Wanted PCT - Time Play
Normal Forward
1 - 32% - 40% - 15:21
2 - 25% - 30% - 12:13
3 - 28% - 20% - 13:36
4 - 15% - 10% - 7:21
Normal Defense
1 - 40% - 40% - 19:20
2 - 34% - 30% - 16:36
3 - 22% - 20% - 10:46
4 - 4% - 10% - 1:49
PP Forward
1 - 58% - 60% - 4:21
2 - 42% - 40% - 3:10
PP Defense
1 - 63% - 60% - 4:45
2 - 37% - 40% - 2:46
PK Forward
1 - 73% - 60% - 1:31
2 - 27% - 40% - 0:34
PK Defense
1 - 52% - 60% - 1:05
2 - 48% - 40% - 1:00
PK3 Forward
1 - 0% - 60%
2 - 0% - 40%
PK3 Defense
1 - 0% - 60%
2 - 0% - 40%
44 Forward
1 - 73% - 60% - 1:22
2 - 27% - 40% - 0:31
44 Defense
1 - 68% - 60% - 1:17
2 - 32% - 40% - 0:36
Last Minute Offensive - 0:00
Last Minute Defensive - 0:00
Total
Forward - 60:00
Defense - 60:00
|
Play by Play
1st period
0:01 of 1st period - Ben Eager wins face-off versus Greg Mauldin in neutral zone.
0:51 of 1st period - Wrist shot by Mike Duco.
0:51 of 1st period - Stopped by Maxime Ouellet without a rebound.
0:52 of 1st period - Mattias Tedenby wins face-off versus Riley Nash in Scraper zone.
0:55 of 1st period - Slapshot by Colin Greening.
0:55 of 1st period - Stopped by Maxime Ouellet with a rebound.
0:57 of 1st period - Snap shot by Justin Braun.
0:57 of 1st period - Stopped by Maxime Ouellet with a rebound.
0:59 of 1st period - Slapshot by Justin Braun.
0:59 of 1st period - Shot Blocked by Eric Gryba.
1:26 of 1st period - Snap shot by Alex Picard.
1:26 of 1st period - Shot Misses the Net.
1:40 of 1st period - Ben Eager is hit by Jonathan Sigalet and loses puck.
1:44 of 1st period - Icing by Brayden Schenn.
1:45 of 1st period - Casey Wellman wins face-off versus Brayden Schenn in Scraper zone.
1:46 of 1st period - Snap shot by Jordan Hendry.
1:46 of 1st period - Shot Misses the Net.
1:50 of 1st period - Wrist shot by Mike Duco.
1:50 of 1st period - Shot Misses the Net.
2:00 of 1st period - Snap shot by Mike Duco.
2:00 of 1st period - Stopped by Maxime Ouellet without a rebound.
2:01 of 1st period - Greg Mauldin wins face-off versus Ryan O'Reilly in Scraper zone.
2:06 of 1st period - Snap shot by Greg Mauldin.
2:06 of 1st period - Shot Misses the Net.
2:08 of 1st period - Wrist shot by Nathan Oystrick.
2:08 of 1st period - Stopped by Maxime Ouellet without a rebound.
2:09 of 1st period - Greg Mauldin wins face-off versus Ryan O'Reilly in Scraper zone.
2:20 of 1st period - Snap shot by Denis Shvidki.
2:20 of 1st period - Stopped by Mike McKenna without a rebound.
2:21 of 1st period - Adam Henrique wins face-off versus Roman Horak in Tamiflu zone.
3:07 of 1st period - Off-side.
3:08 of 1st period - Casey Wellman wins face-off versus Ryan O'Reilly in neutral zone.
3:44 of 1st period - Wrist shot by Petr Pohl.
3:44 of 1st period - Deflect By Jan Mursak.
3:44 of 1st period - Shot Misses the Net.
3:44 of 1st period - Puck is out of play.
3:45 of 1st period - Ryan O'Reilly wins face-off versus Greg Mauldin in Scraper zone.
4:10 of 1st period - Brayden Schenn is hit by Justin Braun and loses puck.
4:33 of 1st period - Slapshot by Valeri Bure.
4:33 of 1st period - Shot Misses the Net.
4:35 of 1st period - Slapshot by Brendan Smith.
4:35 of 1st period - Shot Blocked by Nathan Oystrick.
4:37 of 1st period - Snap shot by Evander Kane.
4:37 of 1st period - Stopped by Mike McKenna with a rebound.
4:39 of 1st period - Slapshot by Brendan Smith.
4:39 of 1st period - Stopped by Mike McKenna without a rebound.
4:40 of 1st period - Roman Horak wins face-off versus Greg Mauldin in Tamiflu zone.
4:43 of 1st period - Snap shot by Marcus Foligno.
4:43 of 1st period - Shot Misses the Net.
6:51 of 1st period - Wrist shot by Daniel Winnik.
6:51 of 1st period - Stopped by Mike McKenna with a rebound.
6:59 of 1st period - Slapshot by Nathan Oystrick.
6:59 of 1st period - Shot Misses the Net.
7:01 of 1st period - Slapshot by Nathan Oystrick.
7:01 of 1st period - Shot Misses the Net.
7:03 of 1st period - Slapshot by Nathan Oystrick.
7:03 of 1st period - Stopped by Maxime Ouellet with a rebound.
7:05 of 1st period - Snap shot by Nathan Oystrick.
7:05 of 1st period - Deflect By Casey Wellman.
7:05 of 1st period - Stopped by Maxime Ouellet without a rebound.
7:06 of 1st period - Brayden Schenn wins face-off versus Greg Mauldin in Scraper zone.
7:11 of 1st period - Greg Mauldin is hit by Derek Joslin and loses puck.
8:32 of 1st period - Snap shot by Evander Kane.
8:32 of 1st period - Shot Misses the Net.
8:34 of 1st period - Snap shot by Ilkka Heikkinen.
8:34 of 1st period - Stopped by Mike McKenna without a rebound.
8:35 of 1st period - Colin Greening wins face-off versus Riley Nash in Tamiflu zone.
8:35 of 1st period - Colin Greening is hit by Derek Joslin.
8:41 of 1st period - Snap shot by Mattias Tedenby.
8:41 of 1st period - Stopped by Maxime Ouellet without a rebound.
8:42 of 1st period - Colin Greening wins face-off versus Brayden Schenn in Scraper zone.
8:43 of 1st period - Wrist shot by Mattias Tedenby.
8:43 of 1st period - Shot Blocked by Ben Eager.
9:03 of 1st period - Minor Penalty to Mattias Tedenby for Roughing.
9:04 of 1st period - Brayden Schenn wins face-off versus Alex Picard in Tamiflu zone.
9:39 of 1st period - Brendan Smith is hit by Petr Pohl and loses puck.
10:24 of 1st period - Daniel Winnik is hit by Petr Pohl and loses puck.
11:03 of 1st period - Penalty to Mattias Tedenby is over, Mattias Tedenby is back on ice.
11:36 of 1st period - Slapshot by Jonathan Sigalet.
11:36 of 1st period - Stopped by Maxime Ouellet with a rebound.
11:42 of 1st period - Minor Penalty to Marcus Foligno for Tripping.
11:43 of 1st period - Eric Godard wins face-off versus Greg Mauldin in Scraper zone.
11:48 of 1st period - Minor Penalty to Jordan Hendry for Slashing.
11:49 of 1st period - Greg Mauldin wins face-off versus Eric Godard in Tamiflu zone.
12:02 of 1st period - Snap shot by Alex Picard.
12:02 of 1st period - Stopped by Maxime Ouellet without a rebound.
12:03 of 1st period - Alex Picard wins face-off versus Eric Godard in Scraper zone.
12:04 of 1st period - Slapshot by Greg Mauldin.
12:04 of 1st period - Stopped by Maxime Ouellet with a rebound.
12:06 of 1st period - Wrist shot by Alex Picard.
12:06 of 1st period - Stopped by Maxime Ouellet without a rebound.
12:07 of 1st period - Alex Picard wins face-off versus Eric Godard in Scraper zone.
12:08 of 1st period - Snap shot by Greg Mauldin.
12:08 of 1st period - Shot Misses the Net.
12:19 of 1st period - Icing by Eric Godard.
12:20 of 1st period - Alex Picard wins face-off versus Eric Godard in Scraper zone.
12:54 of 1st period - Backhand shot by Petr Pohl.
12:54 of 1st period - Shot Misses the Net.
13:42 of 1st period - Penalty to Marcus Foligno is over, Marcus Foligno is back on ice.
13:48 of 1st period - Penalty to Jordan Hendry is over, Jordan Hendry is back on ice.
13:58 of 1st period - Wrist shot by Denis Shvidki.
13:58 of 1st period - Stopped by Mike McKenna without a rebound.
13:59 of 1st period - Riley Nash wins face-off versus Adam Henrique in Tamiflu zone.
14:31 of 1st period - Snap shot by Marcus Foligno.
14:31 of 1st period - Stopped by Mike McKenna with a rebound.
14:33 of 1st period - Slapshot by Cameron Gaunce.
14:33 of 1st period - Shot Blocked by Johan Fransson.
14:45 of 1st period - Ben Eager is hit by Johan Fransson and loses puck.
15:08 of 1st period - Snap shot by Mike Duco.
15:08 of 1st period - Shot Blocked by Ilkka Heikkinen.
15:14 of 1st period - Minor Penalty to Denis Shvidki for High sticking.
15:15 of 1st period - Greg Mauldin wins face-off versus Eric Godard in Scraper zone.
15:52 of 1st period - Backhand shot by Nathan Oystrick.
15:52 of 1st period - Shot Misses the Net.
15:54 of 1st period - Slapshot by Nathan Oystrick.
15:54 of 1st period - Stopped by Maxime Ouellet with a rebound.
15:56 of 1st period - Slapshot by Nathan Oystrick.
15:56 of 1st period - Stopped by Maxime Ouellet with a rebound.
16:43 of 1st period - Icing by Jonathan Sigalet.
16:44 of 1st period - Jan Mursak wins face-off versus Roman Horak in Tamiflu zone.
16:49 of 1st period - Derek Joslin is hit by Jan Mursak and loses puck.
17:14 of 1st period - Penalty to Denis Shvidki is over, Denis Shvidki is back on ice.
17:23 of 1st period - Icing by Jerome Samson.
17:24 of 1st period - Casey Wellman wins face-off versus Eric Godard in Scraper zone.
17:43 of 1st period - Eric Godard is hit by Casey Wellman and loses puck.
18:34 of 1st period - Marcus Foligno is hit by Petr Pohl and loses puck.
18:59 of 1st period - Slapshot by Johan Fransson.
18:59 of 1st period - Shot Misses the Net.
19:51 of 1st period - Snap shot by Adam Henrique.
19:51 of 1st period - Shot Misses the Net.
Goals for this period are 0 for Scraper vs 0 for Tamiflu.
Shots for this period are 7 for Scraper vs 14 for Tamiflu.
2nd period
0:01 of 2nd period - Greg Mauldin wins face-off versus Brayden Schenn in neutral zone.
0:12 of 2nd period - Slapshot by Brayden Schenn.
0:12 of 2nd period - Deflect By Eric Godard.
0:12 of 2nd period - Stopped by Mike McKenna with a rebound.
0:14 of 2nd period - Snap shot by Ben Eager.
0:14 of 2nd period - Shot Blocked by Greg Mauldin.
0:30 of 2nd period - Snap shot by Adam Henrique.
0:30 of 2nd period - Shot Misses the Net.
0:58 of 2nd period - Slapshot by Jonathan Sigalet.
0:58 of 2nd period - Shot Misses the Net.
1:29 of 2nd period - Minor Penalty to Jerome Samson for Cross-checking.
1:30 of 2nd period - Denis Shvidki wins face-off versus Greg Mauldin in Scraper zone.
1:51 of 2nd period - Eric Godard is hit by Carson Mcmillan and loses puck.
2:02 of 2nd period - Slapshot by Valeri Bure.
2:02 of 2nd period - Goal by Valeri Bure - Scraper : 1 - Tamiflu : 0.
2:03 of 2nd period - Denis Shvidki wins face-off versus Greg Mauldin in neutral zone.
2:25 of 2nd period - Off-side.
2:26 of 2nd period - Adam Henrique wins face-off versus Ben Eager in neutral zone.
2:33 of 2nd period - Slapshot by Petr Pohl.
2:33 of 2nd period - Shot Misses the Net.
2:35 of 2nd period - Wrist shot by Petr Pohl.
2:35 of 2nd period - Shot Misses the Net.
2:39 of 2nd period - Wrist shot by Adam Henrique.
2:39 of 2nd period - Shot Misses the Net.
2:41 of 2nd period - Snap shot by Petr Pohl.
2:41 of 2nd period - Shot Misses the Net.
2:57 of 2nd period - Slapshot by Nathan Oystrick.
2:57 of 2nd period - Goal by Nathan Oystrick - Scraper : 1 - Tamiflu : 1.
2:58 of 2nd period - Greg Mauldin wins face-off versus Brayden Schenn in neutral zone.
3:01 of 2nd period - Slapshot by Jonathan Sigalet.
3:01 of 2nd period - Shot Misses the Net.
3:13 of 2nd period - Snap shot by Eric Godard.
3:13 of 2nd period - Shot Misses the Net.
3:23 of 2nd period - Derek Joslin is hit by Petr Pohl and loses puck.
4:12 of 2nd period - Snap shot by Ben Eager.
4:12 of 2nd period - Deflect By Eric Godard.
4:12 of 2nd period - Shot Misses the Net.
4:12 of 2nd period - Puck is out of play.
4:13 of 2nd period - Greg Mauldin wins face-off versus Ryan O'Reilly in Tamiflu zone.
4:15 of 2nd period - Icing by Alex Picard.
4:16 of 2nd period - Greg Mauldin wins face-off versus Ryan O'Reilly in Tamiflu zone.
4:37 of 2nd period - Eric Gryba is hit by Carson Mcmillan.
4:41 of 2nd period - Snap shot by Alex Picard.
4:41 of 2nd period - Stopped by Maxime Ouellet with a rebound.
5:02 of 2nd period - Wrist shot by Ryan O'Reilly.
5:02 of 2nd period - Shot Blocked by Alex Picard.
5:41 of 2nd period - Snap shot by Denis Shvidki.
5:41 of 2nd period - Stopped by Mike McKenna without a rebound.
5:42 of 2nd period - Brayden Schenn wins face-off versus Jan Mursak in Tamiflu zone.
5:51 of 2nd period - Wrist shot by Eric Godard.
5:51 of 2nd period - Shot Hit the Post.
6:43 of 2nd period - Wrist shot by Mike Duco.
6:43 of 2nd period - Shot Misses the Net.
8:42 of 2nd period - Jerome Samson is hit by Nathan Oystrick and loses puck.
10:10 of 2nd period - Wrist shot by Jerome Samson.
10:10 of 2nd period - Shot Misses the Net.
10:12 of 2nd period - Snap shot by Evander Kane.
10:12 of 2nd period - Goal by Evander Kane - Scraper : 2 - Tamiflu : 1.
10:13 of 2nd period - Greg Mauldin wins face-off versus Brayden Schenn in neutral zone.
10:16 of 2nd period - Slapshot by Jordan Hendry.
10:16 of 2nd period - Shot Misses the Net.
10:38 of 2nd period - Daniel Winnik is hit by Petr Pohl and loses puck.
11:05 of 2nd period - Casey Wellman is hit by Evander Kane and loses puck.
11:19 of 2nd period - Icing by Jerome Samson.
11:20 of 2nd period - Jerome Samson wins face-off versus Colin Greening in Scraper zone.
11:24 of 2nd period - Off-side.
11:25 of 2nd period - Brayden Schenn wins face-off versus Carson Mcmillan in neutral zone.
11:30 of 2nd period - Slapshot by Ben Eager.
11:30 of 2nd period - Shot Misses the Net.
11:38 of 2nd period - Snap shot by Ben Eager.
11:38 of 2nd period - Stopped by Mike McKenna with a rebound.
11:52 of 2nd period - Casey Wellman is hit by Denis Shvidki and loses puck.
12:13 of 2nd period - Wrist shot by Mattias Tedenby.
12:13 of 2nd period - Stopped by Maxime Ouellet with a rebound.
12:15 of 2nd period - Snap shot by Colin Greening.
12:15 of 2nd period - Shot Blocked by Derek Joslin.
12:17 of 2nd period - Wrist shot by Garrett Wilson.
12:17 of 2nd period - Stopped by Maxime Ouellet without a rebound.
12:18 of 2nd period - Riley Nash wins face-off versus Mattias Tedenby in Scraper zone.
12:18 of 2nd period - Riley Nash is hit by Colin Greening.
12:30 of 2nd period - Wrist shot by Mattias Tedenby.
12:30 of 2nd period - Stopped by Maxime Ouellet without a rebound.
12:31 of 2nd period - Carson Mcmillan wins face-off versus Brayden Schenn in Scraper zone.
12:32 of 2nd period - Wrist shot by Alex Picard.
12:32 of 2nd period - Shot Blocked by Eric Gryba.
13:01 of 2nd period - Slapshot by Daniel Winnik.
13:01 of 2nd period - Shot Misses the Net.
13:03 of 2nd period - Snap shot by Ryan O'Reilly.
13:03 of 2nd period - Stopped by Mike McKenna without a rebound.
13:04 of 2nd period - Adam Henrique wins face-off versus Ryan O'Reilly in Tamiflu zone.
13:11 of 2nd period - Slapshot by Daniel Winnik.
13:11 of 2nd period - Shot Blocked by Johan Fransson.
13:13 of 2nd period - Slapshot by Derek Joslin.
13:13 of 2nd period - Shot Misses the Net.
13:15 of 2nd period - Snap shot by Derek Joslin.
13:15 of 2nd period - Stopped by Mike McKenna with a rebound.
13:17 of 2nd period - Wrist shot by Denis Shvidki.
13:17 of 2nd period - Stopped by Mike McKenna without a rebound.
13:18 of 2nd period - Brayden Schenn wins face-off versus Greg Mauldin in Tamiflu zone.
13:19 of 2nd period - Backhand shot by Eric Godard.
13:19 of 2nd period - Stopped by Mike McKenna without a rebound.
13:20 of 2nd period - Greg Mauldin wins face-off versus Brayden Schenn in Tamiflu zone.
13:25 of 2nd period - Backhand shot by Alex Picard.
13:25 of 2nd period - Shot Misses the Net.
13:27 of 2nd period - Slapshot by Alex Picard.
13:27 of 2nd period - Stopped by Maxime Ouellet with a rebound.
13:29 of 2nd period - Snap shot by Alex Picard.
13:29 of 2nd period - Stopped by Maxime Ouellet with a rebound.
14:14 of 2nd period - Snap shot by Jerome Samson.
14:14 of 2nd period - Stopped by Mike McKenna without a rebound.
14:15 of 2nd period - Roman Horak wins face-off versus Greg Mauldin in Tamiflu zone.
14:16 of 2nd period - Wrist shot by Jerome Samson.
14:16 of 2nd period - Shot Misses the Net.
14:40 of 2nd period - Jonathan Sigalet is hit by Brayden Schenn and loses puck.
15:03 of 2nd period - Snap shot by Ben Eager.
15:03 of 2nd period - Stopped by Mike McKenna with a rebound.
15:05 of 2nd period - Wrist shot by Denis Shvidki.
15:05 of 2nd period - Shot Blocked by Cody Goloubef.
15:13 of 2nd period - Snap shot by Ryan O'Reilly.
15:13 of 2nd period - Stopped by Mike McKenna without a rebound.
15:14 of 2nd period - Greg Mauldin wins face-off versus Riley Nash in Tamiflu zone.
15:32 of 2nd period - Minor Penalty to Riley Nash for Hooking.
15:33 of 2nd period - Eric Godard wins face-off versus Greg Mauldin in Scraper zone.
16:27 of 2nd period - Denis Shvidki is hit by Carson Mcmillan and loses puck.
17:32 of 2nd period - Penalty to Riley Nash is over, Riley Nash is back on ice.
17:42 of 2nd period - Wrist shot by Evander Kane.
17:42 of 2nd period - Shot Misses the Net.
18:09 of 2nd period - Wrist shot by Colin Greening.
18:09 of 2nd period - Stopped by Maxime Ouellet with a rebound.
18:25 of 2nd period - Wrist shot by Daniel Winnik.
18:25 of 2nd period - Deflect By Denis Shvidki.
18:25 of 2nd period - Stopped by Mike McKenna with a rebound.
19:17 of 2nd period - Adam Henrique is hit by Marcus Foligno and loses puck.
19:44 of 2nd period - Brendan Smith is hit by Carson Mcmillan and loses puck.
19:58 of 2nd period - Off-side.
19:59 of 2nd period - Ryan O'Reilly wins face-off versus Casey Wellman in neutral zone.
Goals for this period are 2 for Scraper vs 1 for Tamiflu.
Shots for this period are 13 for Scraper vs 8 for Tamiflu.
3rd period
0:01 of 3rd period - Greg Mauldin wins face-off versus Ben Eager in neutral zone.
0:04 of 3rd period - Slapshot by Jonathan Sigalet.
0:04 of 3rd period - Shot Misses the Net.
0:06 of 3rd period - Slapshot by Jonathan Sigalet.
0:06 of 3rd period - Shot Misses the Net.
0:10 of 3rd period - Snap shot by Greg Mauldin.
0:10 of 3rd period - Stopped by Maxime Ouellet with a rebound.
0:14 of 3rd period - Snap shot by Greg Mauldin.
0:14 of 3rd period - Shot Blocked by Ben Eager.
0:16 of 3rd period - Slapshot by Nathan Oystrick.
0:16 of 3rd period - Deflect By Alex Picard.
0:16 of 3rd period - Stopped by Maxime Ouellet with a rebound.
0:32 of 3rd period - Snap shot by Casey Wellman.
0:32 of 3rd period - Shot Blocked by Eric Godard.
0:42 of 3rd period - Snap shot by Ben Eager.
0:42 of 3rd period - Shot Blocked by Rich Clune.
0:44 of 3rd period - Slapshot by Ben Eager.
0:44 of 3rd period - Shot Blocked by Casey Wellman.
0:46 of 3rd period - Slapshot by Derek Joslin.
0:46 of 3rd period - Stopped by Mike McKenna with a rebound.
0:48 of 3rd period - Slapshot by Brendan Smith.
0:48 of 3rd period - Stopped by Mike McKenna without a rebound.
0:49 of 3rd period - Greg Mauldin wins face-off versus Ryan O'Reilly in Tamiflu zone.
1:00 of 3rd period - Snap shot by Carson Mcmillan.
1:00 of 3rd period - Shot Misses the Net.
1:02 of 3rd period - Slapshot by Nathan Oystrick.
1:02 of 3rd period - Stopped by Maxime Ouellet without a rebound.
1:03 of 3rd period - Ryan O'Reilly wins face-off versus Greg Mauldin in Scraper zone.
1:03 of 3rd period - Ryan O'Reilly is hit by Carson Mcmillan.
1:29 of 3rd period - Petr Pohl is hit by Valeri Bure and loses puck.
1:58 of 3rd period - Snap shot by Eric Godard.
1:58 of 3rd period - Shot Blocked by Mike Duco.
2:05 of 3rd period - Icing by Johan Fransson.
2:06 of 3rd period - Roman Horak wins face-off versus Colin Greening in Tamiflu zone.
2:09 of 3rd period - Slapshot by Derek Joslin.
2:09 of 3rd period - Deflect By Marcus Foligno.
2:09 of 3rd period - Stopped by Mike McKenna without a rebound.
2:10 of 3rd period - Roman Horak wins face-off versus Garrett Wilson in Tamiflu zone.
3:17 of 3rd period - Icing by Daniel Winnik.
3:18 of 3rd period - Ryan O'Reilly wins face-off versus Casey Wellman in Scraper zone.
3:41 of 3rd period - Eric Godard is hit by Mike Duco and loses puck.
3:56 of 3rd period - Mike Duco is hit by Ben Eager and loses puck.
4:07 of 3rd period - Snap shot by Mike Duco.
4:07 of 3rd period - Stopped by Maxime Ouellet without a rebound.
4:08 of 3rd period - Alex Picard wins face-off versus Ryan O'Reilly in Scraper zone.
4:09 of 3rd period - Wrist shot by Greg Mauldin.
4:09 of 3rd period - Shot Blocked by Eric Gryba.
5:24 of 3rd period - Icing by Justin Braun.
5:25 of 3rd period - Greg Mauldin wins face-off versus Evander Kane in Tamiflu zone.
5:56 of 3rd period - Wrist shot by Evander Kane.
5:56 of 3rd period - Stopped by Mike McKenna without a rebound.
5:57 of 3rd period - Greg Mauldin wins face-off versus Brayden Schenn in Tamiflu zone.
6:03 of 3rd period - Off-side.
6:04 of 3rd period - Greg Mauldin wins face-off versus Ben Eager in neutral zone.
6:09 of 3rd period - Snap shot by Ben Eager.
6:09 of 3rd period - Shot Misses the Net.
6:34 of 3rd period - Off-side.
6:35 of 3rd period - Petr Pohl wins face-off versus Ryan O'Reilly in neutral zone.
7:00 of 3rd period - Jordan Hendry is hit by Eric Godard and loses puck.
7:07 of 3rd period - Snap shot by Eric Godard.
7:07 of 3rd period - Goal by Eric Godard - Scraper : 3 - Tamiflu : 1.
7:08 of 3rd period - Greg Mauldin wins face-off versus Brayden Schenn in neutral zone.
7:10 of 3rd period - Off-side.
7:11 of 3rd period - Alex Picard wins face-off versus Brayden Schenn in neutral zone.
8:44 of 3rd period - Slapshot by Mattias Tedenby.
8:44 of 3rd period - Stopped by Maxime Ouellet with a rebound.
9:00 of 3rd period - Backhand shot by Denis Shvidki.
9:00 of 3rd period - Stopped by Mike McKenna with a rebound.
9:18 of 3rd period - Snap shot by Valeri Bure.
9:18 of 3rd period - Shot Blocked by Justin Braun.
9:20 of 3rd period - Slapshot by Cameron Gaunce.
9:20 of 3rd period - Shot Blocked by Carson Mcmillan.
9:30 of 3rd period - Carson Mcmillan is hit by Ben Eager and loses puck.
9:52 of 3rd period - Icing by Jerome Samson.
9:53 of 3rd period - Roman Horak wins face-off versus Garrett Wilson in Scraper zone.
10:04 of 3rd period - Snap shot by Jerome Samson.
10:04 of 3rd period - Stopped by Mike McKenna without a rebound.
10:05 of 3rd period - Brayden Schenn wins face-off versus Greg Mauldin in Tamiflu zone.
10:06 of 3rd period - Wrist shot by Ben Eager.
10:06 of 3rd period - Shot Blocked by Nathan Oystrick.
10:37 of 3rd period - Slapshot by Adam Henrique.
10:37 of 3rd period - Shot Misses the Net.
10:39 of 3rd period - Wrist shot by Adam Henrique.
10:39 of 3rd period - Goal by Adam Henrique - Scraper : 3 - Tamiflu : 2.
10:40 of 3rd period - Greg Mauldin wins face-off versus Brayden Schenn in neutral zone.
10:46 of 3rd period - Wrist shot by Alex Picard.
10:46 of 3rd period - Shot Misses the Net.
10:48 of 3rd period - Slapshot by Nathan Oystrick.
10:48 of 3rd period - Deflect By Greg Mauldin.
10:48 of 3rd period - Shot Blocked by Derek Joslin.
10:48 of 3rd period - Puck is out of play.
10:49 of 3rd period - Ben Eager wins face-off versus Greg Mauldin in Scraper zone.
10:58 of 3rd period - Snap shot by Alex Picard.
10:58 of 3rd period - Shot Misses the Net.
11:00 of 3rd period - Snap shot by Alex Picard.
11:00 of 3rd period - Shot Misses the Net.
11:02 of 3rd period - Snap shot by Jonathan Sigalet.
11:02 of 3rd period - Deflect By Brayden Schenn.
11:02 of 3rd period - Stopped by Maxime Ouellet without a rebound.
11:03 of 3rd period - Ryan O'Reilly wins face-off versus Carson Mcmillan in Scraper zone.
11:03 of 3rd period - Ryan O'Reilly is hit by Alex Picard.
11:10 of 3rd period - Minor Penalty to Ryan O'Reilly for Roughing.
11:11 of 3rd period - Greg Mauldin wins face-off versus Denis Shvidki in Scraper zone.
11:15 of 3rd period - Slapshot by Greg Mauldin.
11:15 of 3rd period - Shot Blocked by Brendan Smith.
11:17 of 3rd period - Wrist shot by Alex Picard.
11:17 of 3rd period - Stopped by Maxime Ouellet with a rebound.
11:27 of 3rd period - Backhand shot by Greg Mauldin.
11:27 of 3rd period - Stopped by Maxime Ouellet with a rebound.
12:29 of 3rd period - Eric Gryba is hit by Nathan Oystrick and loses puck.
13:10 of 3rd period - Penalty to Ryan O'Reilly is over, Ryan O'Reilly is back on ice.
13:17 of 3rd period - Snap shot by Valeri Bure.
13:17 of 3rd period - Shot Misses the Net.
13:19 of 3rd period - Slapshot by Evander Kane.
13:19 of 3rd period - Stopped by Mike McKenna with a rebound.
13:21 of 3rd period - Slapshot by Valeri Bure.
13:21 of 3rd period - Stopped by Mike McKenna without a rebound.
13:22 of 3rd period - Casey Wellman wins face-off versus Riley Nash in Tamiflu zone.
13:22 of 3rd period - Casey Wellman is hit by Valeri Bure.
13:42 of 3rd period - Wrist shot by Evander Kane.
13:42 of 3rd period - Shot Blocked by Casey Wellman.
13:44 of 3rd period - Slapshot by Cameron Gaunce.
13:44 of 3rd period - Shot Blocked by Cody Goloubef.
13:46 of 3rd period - Wrist shot by Evander Kane.
13:46 of 3rd period - Shot Hit the Post.
13:48 of 3rd period - Snap shot by Valeri Bure.
13:48 of 3rd period - Shot Misses the Net.
13:50 of 3rd period - Snap shot by Evander Kane.
13:50 of 3rd period - Shot Blocked by Rich Clune.
13:52 of 3rd period - Wrist shot by Evander Kane.
13:52 of 3rd period - Stopped by Mike McKenna with a rebound.
13:54 of 3rd period - Snap shot by Evander Kane.
13:54 of 3rd period - Stopped by Mike McKenna without a rebound.
13:55 of 3rd period - Brayden Schenn wins face-off versus Greg Mauldin in Tamiflu zone.
14:21 of 3rd period - Adam Henrique is hit by Denis Shvidki and loses puck.
14:58 of 3rd period - Slapshot by Nathan Oystrick.
14:58 of 3rd period - Stopped by Maxime Ouellet without a rebound.
14:59 of 3rd period - Roman Horak wins face-off versus Casey Wellman in Scraper zone.
15:24 of 3rd period - Johan Fransson is hit by Valeri Bure.
15:36 of 3rd period - Snap shot by Evander Kane.
15:36 of 3rd period - Shot Blocked by Rich Clune.
15:53 of 3rd period - Cody Goloubef is hit by Cameron Gaunce and loses puck.
16:12 of 3rd period - Slapshot by Daniel Winnik.
16:12 of 3rd period - Goal by Daniel Winnik - Scraper : 4 - Tamiflu : 2.
16:13 of 3rd period - Greg Mauldin wins face-off versus Riley Nash in neutral zone.
16:37 of 3rd period - Brendan Smith is hit by Petr Pohl and loses puck.
17:06 of 3rd period - Mattias Tedenby is hit by Denis Shvidki.
17:28 of 3rd period - Slapshot by Ilkka Heikkinen.
17:28 of 3rd period - Stopped by Mike McKenna without a rebound.
17:29 of 3rd period - Greg Mauldin wins face-off versus Riley Nash in Tamiflu zone.
17:54 of 3rd period - Adam Henrique is hit by Eric Godard and loses puck.
18:17 of 3rd period - Icing by Denis Shvidki.
18:18 of 3rd period - Ryan O'Reilly wins face-off versus Casey Wellman in Scraper zone.
18:18 of 3rd period - Ryan O'Reilly is hit by Rich Clune.
18:32 of 3rd period - Slapshot by Johan Fransson.
18:32 of 3rd period - Stopped by Maxime Ouellet with a rebound.
18:38 of 3rd period - Jordan Hendry is hit by Ryan O'Reilly and loses puck.
19:09 of 3rd period - Snap shot by Mike Duco.
19:09 of 3rd period - Shot Hit the Post.
19:29 of 3rd period - Slapshot by Jordan Hendry.
19:29 of 3rd period - Shot Blocked by Daniel Winnik.
19:45 of 3rd period - Wrist shot by Jordan Hendry.
19:45 of 3rd period - Shot Misses the Net.
19:51 of 3rd period - Mike Duco is hit by Daniel Winnik.
19:52 of 3rd period - Mike Duco from Tamiflu is injured at 19:52 of 3rd period (Right Ankle).
19:53 of 3rd period - Jan Mursak wins face-off versus Riley Nash in Tamiflu zone.
Goals for this period are 2 for Scraper vs 1 for Tamiflu.
Shots for this period are 13 for Scraper vs 11 for Tamiflu.
Output by the SimonT Hockey Simulator (STHS) for François Prévost -- Original Page W3C XHTML 1.0 Valid